 Dungeon Crawl Stone Soup version 0.25-a0-528-g6b7c99946c (webtiles) character file.

Game seed: 2666499979438359727, levelgen mode: classic

200 EnegeticOcto the Covered (level 5, -3/50 HPs)
             Began as a Deep Dwarf Fighter on Feb 19, 2020.
             Slain by Pikel
             ... wielding a +1 whip of electrocution
              (6 damage)
             ... on level 4 of the Dungeon.
             The game lasted 00:00:52 (1211 turns).

EnegeticOcto the Covered (Deep Dwarf Fighter)       Turns: 1211, Time: 00:00:52

Health: -3/50      AC:  7    Str: 21    XL:     5   Next: 49%
Magic:  0/0        EV:  8    Int:  8    God:
Gold:   80         SH:  9    Dex: 12    Spells: 4/4 levels left

rFire    . . .     SeeInvis .   a - +0 war axe
rCold    . . .     Gourm    .   c - +0 kite shield
rNeg     . . .     Faith    .   b - +0 scale mail
rPois    .         Spirit   .   (no helmet)
rElec    .         Reflect  .   (no cloak)
rCorr    .         Harm     .   (no gloves)
MR       .....                  (no boots)
Stlth    ..........             (no amulet)
HPRegen  0.00/turn              (no ring)
MPRegen  0.07/turn              (no ring)

@: non-regenerating
A: damage resistance, heal wounds, sense surroundings 1, no regeneration
a: Heal Wounds


You were on level 4 of the Dungeon.
You were hungry.

You visited 2 branches of the dungeon, and saw 5 of its levels.

You collected 80 gold pieces.

Inventory:

Hand Weapons
 a - a +0 war axe (weapon)
Armour
 b - a +0 scale mail (worn)
 c - a +0 kite shield (worn)
Wands
 g - a wand of flame (33)
Scrolls
 f - 2 scrolls of immolation {unknown}
 h - 3 scrolls of teleportation {unknown}
 i - 3 scrolls of identify {unknown}
 l - a scroll of fear {unknown}
 m - 2 scrolls of random uselessness {unknown}
Potions
 j - a potion of heal wounds {unknown}
 k - a potion of might {@q3}
Comestibles
 e - 4 rations


   Skills:
 * Level 3.8 Fighting
 * Level 3.9 Axes
 + Level 4.0 Armour
 + Level 1.7 Dodging
 + Level 3.9 Shields


You had 4 spell levels left.
You didn't know any spells.
Your spell library was empty.

Dungeon Overview and Level Annotations

Branches:
Dungeon (4/15)             Temple (1/1) D:4

Altars:
Ashenzari
Cheibriados
Dithmenos
Fedhas
Kikubaaqudgha
Nemelex Xobeh
Okawaru
Qazlal
Ru
Sif Muna
Uskayaw
Yredelemnul
The Shining One

Annotations:
D:3 3 runed translucent doors
D:4 Pikel


Innate Abilities, Weirdness & Mutations

You are resistant to damage.
You can heal yourself by infusing magical energy.
You passively map a small area around you.
You do not regenerate.


Message History

* * * LOW HITPOINT WARNING * * *
The slave hits you. x2
Pikel hits you with a +1 whip of electrocution.
The slave hits you. The slave hits you!
* * * LOW HITPOINT WARNING * * *
You hit Pikel.
Pikel is moderately wounded.
You barely miss the slave. x2; The slave hits you but does no damage.
The slave hits you. You block Pikel's attack.
You feel much better. The slave hits you. The slave hits you!
* * * LOW HITPOINT WARNING * * *
You block Pikel's attack.
You feel much better. You block the slave's attack. x2
You block Pikel's attack.
You closely miss Pikel.
Pikel is moderately wounded.
You barely miss the slave. You hit the slave but do no damage.
You block Pikel's attack. The slave hits you. x2
Pikel hits you with a +1 whip of electrocution.
The slave hits you but does no damage. You block the slave's attack.
You closely miss Pikel.
Pikel is moderately wounded.
You hit the slave. You barely miss the slave.
Pikel hits you with a +1 whip of electrocution.
The slave hits you! You block the slave's attack.
You hit Pikel but do no damage.
Pikel is moderately wounded.
You hit the slave.
You kill the slave!
That felt strangely unrewarding.
You miss the slave. You block Pikel's attack.
Your magical essence is drained by the effort!
You feel much better.
You are feeling hungry.
Pikel hits you but does no damage. The slave hits you but does no damage.
The slave hits you.
You don't have enough innate magic capacity.
You don't have enough innate magic capacity.
You closely miss Pikel.
Pikel is lightly wounded.
You closely miss the slave.
Your shield and scale mail prevent you from hitting the slave.
You block Pikel's attack. The slave hits you. The slave misses you.
Pikel hits you with a +1 whip of electrocution.
The slave hits you. x2
You completely miss Pikel.
Pikel is lightly wounded.
You closely miss the slave. x2; The slave hits you but does no damage.
Pikel hits you but does no damage.
You are electrocuted!
The slave hits you but does no damage.
You hit Pikel but do no damage.
Pikel is lightly wounded.
You hit the slave but do no damage. x2; You block the slave's attack.
Pikel closely misses you. The slave barely misses you.
The slave hits you but does no damage.
Pikel cracks his whip.
Pikel hits you with a +1 whip of electrocution.
You are electrocuted!
You completely miss Pikel.
Pikel is lightly wounded.
You completely miss the slave. You hit the slave but do no damage.
The slave hits you. You block Pikel's attack.
The slave hits you but does no damage. You block the slave's attack.
You closely miss Pikel.
Pikel is lightly wounded.
You closely miss the slave. You hit the slave. Pikel completely misses you.
You block the slave's attack. x2
You hit Pikel.
Pikel is moderately wounded.
You closely miss the slave. You hit the slave. The slave hits you.
Pikel says, "You'll feel the lick of my whip!"
Pikel closely misses you. The slave barely misses you.
You block the slave's attack. Pikel hits you but does no damage.
The slave hits you but does no damage.
You hit Pikel but do no damage.
Pikel is moderately wounded.
You miss the slave. You barely miss the slave. You block the slave's attack.
Pikel says, "You will build my throne, and die beneath it!"
Pikel hits you with a +1 whip of electrocution.
* * * LOW HITPOINT WARNING * * *
You are electrocuted!
* * * LOW HITPOINT WARNING * * *
The slave misses you.
You closely miss Pikel.
Pikel is moderately wounded.
You hit the slave. You slash the slave! You block Pikel's attack.
The slave hits you.
* * * LOW HITPOINT WARNING * * *
The slave hits you but does no damage. You block Pikel's attack.
The slave hits you. x2
* * * LOW HITPOINT WARNING * * *
You barely miss Pikel.
Pikel is moderately wounded.
You closely miss the slave. You hit the slave. The slave hits you.
* * * LOW HITPOINT WARNING * * *
Pikel hits you but does no damage. The slave hits you but does no damage.
You hit Pikel.
Pikel is moderately wounded.
You hit the slave. You barely miss the slave. You block the slave's attack.
Pikel hits you but does no damage.
You are electrocuted!
You die...

.....##.#######
####.>........#
#.##.##.##.# #,
#.##.##.# ,
.....##.#
,##.#..##.# *
#.#..##.##
.....##..########
##.####...@K....#
* #. ###.pp....#
#.####..# * * #.#
.# , *#.. ... *
._.. , ....#* *


You could see Pikel and 2 slaves.

Vanquished Creatures
  2 slaves (D:4)
  A hound (D:4)
  Terence (D:3)
  A worker ant (D:4)
  4 gnolls
  3 adders (D:3)
  An ooze (D:3)
  A worm (D:3)
  An orc (D:4)
  2 giant cockroaches
  5 goblins
  7 hobgoblins
  8 jackals (D:2)
  3 bats
  8 frilled lizards
  3 kobolds
  4 rats
55 creatures vanquished.

Notes
Turn   | Place    | Note
-------+----------+-------------------------------------------
     0 | D:1      | EnegeticOcto the Deep Dwarf Fighter began the quest for the
                  | Orb.
     0 | D:1      | Reached XP level 1. HP: 20/20 MP: 1/1
    21 | D:1      | Reached XP level 2. HP: 16/27 MP: 2/2
   120 | D:2      | Reached XP level 3. HP: 28/34 MP: 3/3
   392 | D:3      | Found a glowing golden altar of the Shining One.
   478 | D:3      | Reached skill level 1 in Dodging
   584 | D:3      | Found a runed translucent gate.
   584 | D:3      | Found a runed translucent gate.
   584 | D:3      | Found a runed translucent gate.
   604 | D:3      | Noticed Terence
   606 | D:3      | Reached XP level 4. HP: 28/42 MP: 3/3
   620 | D:3      | HP: 2/42 [gnoll/+0 spear (2)]
   631 | D:3      | Killed Terence
   809 | D:3      | Reached XP level 5. HP: 38/49 MP: 2/2
   925 | D:4      | Found an iron altar of Okawaru.
   940 | D:4      | Reached skill level 4 in Armour
   946 | D:4      | Found a shadowy altar of Dithmenos.
  1040 | D:4      | Found a staircase to the Ecumenical Temple.
  1057 | Temple   | Entered the Ecumenical Temple
  1168 | D:4      | Found a shattered altar of Ashenzari.
  1168 | D:4      | Noticed Pikel
  1168 | D:4      | Noticed a slave
  1168 | D:4      | Noticed a slave
  1168 | D:4      | Noticed a slave
  1169 | D:4      | Noticed a slave
  1190 | D:4      | Killed a slave
  1194 | D:4      | HP: 2/50 [slave[Pikel] (6)]
  1200 | D:4      | Killed a slave
  1211 | D:4      | Slain by Pikel

Levels and vault maps discovered:
D:1:      saegor_arrival_simple_b, layout_rooms
D:2:      layout_basic, first_ration, serial_park_tiny_1, minmay_lizard_pond
D:3:      layout_basic, lemuel_crystal_altar, gammafunk_ghost_icy, uniq_terence
D:4:      layout_loops_ring, kennysheep_mini, okawaru_trees_2,
          nicolae_dithmenos_the_darkroom, nicolae_overflow_crystal_walls,
          minmay_temple_entry_slanted, serial_shops, shop, uniq_robin,
          uniq_pikel
Temple:   dpeg_three_leaves_temple

Skill      XL: |  1  2  3  4  5 |
---------------+----------------+-----
Fighting       | 3 |  3.8
Axes           | 3 |  3.9
Dodging        | 1 |  1.7
Armour         | 4 |  4.0
Shields        | |  3.9

Action                   |  1- 3 |  4- 6 || total
-------------------------+-------+-------++-------
Melee: War axe           |   125 |    73 ||   198
 Abil: Heal Wounds       |     2 |    13 ||    15
  Eat: Chunk             |       |     1 ||     1
Armor: Scale mail        |    81 |    62 ||   143
Dodge: Dodged            |    55 |    48 ||   103
Block: Kite shield       |    88 |    95 ||   183

Table legend:
 A = Non-vault XP
 B = Vault XP
 C = Vault XP percentage of total XP
 D = Non-vault monster count
 E = Vault monster count
 F = Vault count percentage of total count
                 A         B        C        D         E       F
            +---------+---------+-------+---------+---------+-------
      Total |     245 |      42 |  14.6 |      46 |       7 |  13.2
            +---------+---------+-------+---------+---------+-------
        D:1 |      35 |       0 |   0.0 |      13 |       0 |   0.0
        D:2 |      30 |       6 |  16.7 |      17 |       6 |  26.1
        D:3 |     101 |      36 |  26.3 |      12 |       1 |   7.7
        D:4 |      79 |       0 |   0.0 |       4 |       0 |   0.0
            +---------+---------+-------+---------+---------+-------
